 Dungeon Sprint DCSS version 0.30.1-11-g7821555f0a (webtiles) character file.

Game seed: 14349454507420946823

3061 Groucho the Imperceptible (level 9, 0/73 HPs)
             Began as a Felid Berserker on Nov 10, 2023.
             Was a High Priest of Trog.
             Engulfed by a death drake's foul pestilence (4 damage)
             ... in the Dungeon (Sprint II: "The Violet Keep of Menkaure").
             The game lasted 00:05:09 (2128 turns).

Groucho the Imperceptible (Felid Berserker)         Turns: 2128, Time: 00:05:09

Health: 0/73       AC:  2    Str: 13    XL:     9   Next: 57%
Magic:  10/10      EV: 44    Int:  9    God:    Trog [*****.]
Gold:   472        SH:  0    Dex: 18    Spells: 8/8 levels left
                                        Lives:  0   Deaths: 2

rFire   . .          .
                       - Unarmed
rCold   . . .        (shield unavailable)
rNeg    . . .        (body armour unavailable)
rPois   +            (helmet unavailable)
rElec   .            (cloak unavailable)
rCorr   .            (gloves unavailable)
SInv    +            (boots unavailable)
Will    +....        h - amulet of the acrobat Stlth
                     g - ring of flight
HPRegen 0.32/turn    (no ring)
MPRegen 0.12/turn

%: no teleportation, acrobat
@: berserking, acrobatic, flying, very quick
A: very small, claws 1, fangs 3, see invisible, speed 1, shaggy fur 2, stealthy
paws, no weapons or thrown items, no armour, multi-lived, poison resistance,
screaming 1, weak 1
a: Renounce Religion, Berserk, Trog's Hand, Brothers in Arms


You were in the Dungeon.
You worshipped Trog.
Trog was extremely pleased with you.
You visited 1 branch You collected 1215 gold pieces.
You spent 743 gold pieces at shops.

Inventory:

Jewellery
 g - a ring of flight (left paw)
 h - an amulet of the acrobat (around neck)
Scrolls
 e - a scroll of brand weapon {unknown}
 f - a scroll of blinking
Potions
 a - a potion of curing
 c - a potion of haste
 d - 2 potions of magic
 i - a potion of invisibility


   Skills:
 + Level 11.8 Fighting
 + Level 15.1 Dodging
 * Level 24.7 Stealth
 + Level 11.9 Unarmed Combat


You had 8 spell levels left.
You didn't know any spells.
Your spell library was empty.

Dungeon Overview and Level Annotations

Branches:
Dungeon (1/1)

Altars:
Dithmenos
Elyvilon
Fedhas
Gozag
Hepliaklqana
Kikubaaqudgha
Makhleb
Nemelex Xobeh
Okawaru
Qazlal
Ru
Sif Muna
Trog
Uskayaw
Vehumet
Wu Jian
Xom
Yredelemnul
Zin
The Shining One
Jiyva
Lugonu

Shops:
D ((::[[?*([=!=(!

Annotations:
D exclusion: oklob plant


Innate Abilities, Weirdness & Mutations

You have sharp claws.
You have razor-sharp teeth.
You have supernaturally acute eyesight. (SInv)
You cover ground quickly. (Speed+)
You are covered in thick fur. (AC +2)
Your paws help you pounce on unaware monsters.
You are incapable of wielding weapons or throwing items.
You cannot wear armour.
You gain extra lives every three experience levels.
Your system is resistant to poisons. (rPois)
You occasionally shout uncontrollably at your foes.
You are weak. (Str -2)


Message History

The death drake misses you.
You mangle the crystal guardian!!
You bite the crystal guardian, but do no damage.
The crystal guardian is heavily damaged.
The crystal guardian fires a crystalline bolt at you.
The crystal bolt misses you. The death drake completely misses you.
You scratch the crystal guardian but do no damage.
The crystal guardian is heavily damaged.
You completely miss the crystal guardian.
The crystal guardian is heavily damaged.
The death drake misses you.
The crystal guardian fires a crystalline bolt at you.
The crystal bolt burns you!!!
Ouch! That really hurt!
* * * LOW HITPOINT WARNING * * *
You hear a sizzling sound!
You scratch the crystal guardian but do no damage.
You claw the crystal guardian, but do no damage.
The crystal guardian is heavily damaged.
Unknown command.
You claw the crystal guardian!
The crystal guardian is severely damaged.
The death drake closely misses you.
The crystal guardian completely misses you.
Unknown command.
You claw the crystal guardian!
The crystal guardian is almost destroyed.
The death drake bites you!
* * * LOW HITPOINT WARNING * * *
You claw the crystal guardian!
You destroy the crystal guardian!
Trog accepts your kill.
Your Dodging skill increases to level 15!
The death drake breathes miasma at you. The foul vapour misses you.
Unknown command.
You mangle the death drake!! You bite the death drake!
The death drake is moderately wounded.
You are engulfed in dark miasma.
You die...

§.~~ ..### .~§§. .^..##
§+#§§' ...#!## .. .~~
..#..# ##+##.. ####.#9.#
#.#.##.####$$'.##†#
..#..#....#$Y#○○.####
#.#.####..#####○○# .#
##'###.##..#..○k@# h#
##.##.#.#..#..#○○# .#
'.<.'###'..####○.##.#
##.##.#.#....###...##▓▓▓
##'###.##......~~~~~~~~~~~
##.# ###~~§§§..~#'########
..#..#~~~~§~~.§~#..._._._#
#.#.##~~~~~§~§.~#_._._._.#
##+##~~~≈≈≈§~~~~#._._._._#


You could see a death drake (catching breath).

Vanquished Creatures
  A crystal guardian (D)
  A centaur warrior (D)
  2 boulder beetles (D)
  A yaktaur (D)
  A kobold demonologist (D)
  A polar bear (D)
  A hornet (D)
  2 wyverns (D)
  2 redbacks (D)
  4 neqoxecs (D)
  Menkaure (D)
  4 water moccasins (D)
  2 swamp drakes (D)
  4 scorpions (D)
  A hell rat (D)
28 creatures vanquished.

Vanquished Creatures (collateral kills)
  Kirke (D)
  A death yak (D)
  A death drake (D)
  2 polar bears (D)
5 creatures vanquished.

Grand Total: 33 creatures vanquished

Notes
Turn   | Place    | Note
-------+----------+-------------------------------------------
     0 | D        | Groucho the Felid Berserker began the quest for the Orb.
     0 | D        | Reached XP level 1. HP: 10/10 MP: 2/2
     1 | D        | Noticed a neqoxec
     1 | D        | Noticed a neqoxec
     1 | D        | Noticed a neqoxec
     1 | D        | Noticed a neqoxec
     1 | D        | Gained mutation: Your system is resistant to poisons.
                  | (rPois) [a neqoxec]
     1 | D        | Gained mutation: You are weak. (Str -2) [a neqoxec]
     6 | D        | Gained mutation: You occasionally shout uncontrollably at
                  | your foes. [a neqoxec]
     7 | D        | Killed a neqoxec
     8 | D        | Reached skill level 13 in Stealth
     8 | D        | Reached XP level 2. HP: 14/14 MP: 3/3
     8 | D        | Reached XP level 3. HP: 17/17 MP: 4/4
     8 | D        | Reached XP level 4. HP: 21/21 MP: 5/5
    10 | D        | Killed a neqoxec
    10 | D        | Reached ** piety under Trog
    11 | D        | Reached skill level 14 in Stealth
    11 | D        | Reached XP level 5. HP: 25/25 MP: 6/6
    14 | D        | Killed a neqoxec
    15 | D        | Reached skill level 5 in Fighting
    15 | D        | Reached skill level 15 in Stealth
    15 | D        | Reached skill level 5 in Unarmed Combat
    15 | D        | Gained mutation: You are covered in thick fur. (AC +2)
                  | [Felid growth]
    15 | D        | Reached XP level 6. HP: 20/30 MP: 7/7
    18 | D        | Killed a neqoxec
    19 | D        | Reached skill level 16 in Stealth
   325 | D        | Noticed a boulder beetle
   325 | D        | Noticed a boulder beetle
   328 | D        | Noticed a wyvern
   328 | D        | Noticed a wyvern
   338 | D        | Killed a wyvern
   339 | D        | Reached skill level 17 in Stealth
   339 | D        | Reached XP level 7. HP: 35/35 MP: 8/8
   492 | D        | Killed a wyvern
   492 | D        | Reached *** piety under Trog
   495 | D        | Reached skill level 18 in Stealth
   500 | D        | Reached XP level 8. HP: 37/40 MP: 9/9
   573 | D        | Killed a boulder beetle
   573 | D        | Reached **** piety under Trog
   574 | D        | Reached skill level 10 in Dodging
   574 | D        | Reached skill level 19 in Stealth
   577 | D        | Killed a boulder beetle
   578 | D        | Reached skill level 20 in Stealth
   578 | D        | Reached XP level 9. HP: 45/45 MP: 10/10
   715 | D        | Found Qedafuk's Jewellery Shop.
   715 | D        | Found Fitwootu's Antique Armour Boutique.
   715 | D        | Found Wafir's Distillery.
   715 | D        | Found Wenuot's Distillery.
   715 | D        | Found Duleniu's Weapon Boutique.
   716 | D        | Found Mybigg's Jewellery Shop.
   716 | D        | Found Rerot's Antique Weapon Boutique.
   716 | D        | Found Edohocka's General Store.
   717 | D        | Found Ydwaewiw's Magic Scroll Shop.
   717 | D        | Found Liesa's Antique Armour Boutique.
   717 | D        | Noticed Menkaure
   743 | D        | Killed Menkaure
   758 | D        | Noticed a centaur warrior
   790 | D        | Noticed a kobold demonologist
   791 | D        | Found Turi's Antique Armour Boutique.
   791 | D        | Found Qimyr's Book Shop.
   791 | D        | Noticed an oklob plant
   793 | D        | Found Nadap's Weapon Shop.
   793 | D        | Found Qudiak's Weapon Boutique.
   793 | D        | Found Winwiuko's Book Shoppe.
   793 | D        | Noticed a fire dragon
   804 | D        | Killed a centaur warrior
   805 | D        | Reached skill level 21 in Stealth
   839 | D        | Killed a kobold demonologist
   848 | D        | Bought a ring of flight for 227 gold pieces
   850 | D        | Bought an amulet of the acrobat for 420 gold pieces
   854 | D        | Bought a potion of invisibility for 96 gold pieces
   883 | D        | Noticed Kirke
   891 | D        | Reached ***** piety under Trog
   902 | D        | Killed Kirke
   903 | D        | Reached skill level 10 in Fighting
   903 | D        | Reached skill level 22 in Stealth
   903 | D        | Reached skill level 10 in Unarmed Combat
   903 | D        | Reached XP level 10. HP: 51/51 MP: 11/11
   914 | D        | Found the +18 Lear's hauberk
   956 | D        | Found a glowing golden altar of the Shining One.
   956 | D        | Found an ornate altar of the Wu Jian Council.
   957 | D        | Found a shimmering altar of Xom.
   957 | D        | Found a sacrificial altar of Ru.
   957 | D        | Found a stormy altar of Qazlal.
   958 | D        | Found a basalt altar of Yredelemnul.
   958 | D        | Found a shimmering blue altar of Sif Muna.
   959 | D        | Found a glowing silver altar of Zin.
   959 | D        | Found a bloodstained altar of Trog.
   959 | D        | Found an ancient bone altar of Kikubaaqudgha.
   959 | D        | Found a viscous altar of Jiyva.
   960 | D        | Found a hide-covered altar of Uskayaw.
   960 | D        | Found a corrupted altar of Lugonu.
   960 | D        | Found a shadowy altar of Dithmenos.
   961 | D        | Found a radiant altar of Vehumet.
   961 | D        | Found a burning altar of Makhleb.
   961 | D        | Found a white marble altar of Elyvilon.
   962 | D        | Found a sparkling altar of Nemelex Xobeh.
   962 | D        | Found a blossoming altar of Fedhas.
  1215 | D        | Noticed a death yak
  1227 | D        | Mangled by a death yak
  1228 | D        | Reached XP level 9. HP: -9/47 MP: 10/10
  1240 | D        | Found an iron altar of Okawaru.
  1240 | D        | Found an opulent altar of Gozag.
  1246 | D        | Noticed a death drake
  1247 | D        | Noticed a polar bear
  1252 | D        | Killed a death yak
  1253 | D        | Reached skill level 23 in Stealth
  1255 | D        | Killed a polar bear
  1256 | D        | Noticed a polar bear
  1257 | D        | Noticed a polar bear
  1264 | D        | Killed a death drake
  1265 | D        | Reached XP level 10. HP: 52/52 MP: 11/11
  1267 | D        | Reached skill level 24 in Stealth
  1281 | D        | Noticed a death drake
  2098 | D        | Noticed a crystal guardian
  2103 | D        | HP: 3/79 [death drake] (7)]
  2104 | D        | Engulfed by a death drake's foul pestilence
  2105 | D        | Reached XP level 9. HP: -3/73 MP: 10/10
  2105 | D        | Found a hazy altar of Hepliaklqana.
  2125 | D        | HP: 3/73 [death drake (7)]
  2126 | D        | Killed a crystal guardian
  2127 | D        | Reached skill level 15 in Dodging
  2128 | D        | Engulfed by a death drake's foul pestilence

Illustrated notes

Levels and vault maps discovered:
D:        the_violet_keep_of_menkaure [sprint2_stairs_cluster_1,
          sprint2_shoproom, sprint2_temple, sprint2_basic_supplies,
          sprint2_obstacle_5, sprint2_obstacle_3, sprint2_obstacle_6,
          sprint2_obstacle_7, sprint2_obstacle_1, sprint2_timed_cluster_1,
          sprint2_smallroom_cluster_1, sprint2_smallroom_final_cluster_1,
          sprint2_transparent_cluster_1, sprint2_second_timed_cluster_1,
          sprint2_sniper_area_1, sprint2_heavy_combat_area_1,
          sprint2_mutation_trap_area_1, sprint2_forest_area_1,
          sprint2_light_combat_area_1, sprint2_behind_water_1,
          sprint2_near_end_vault_1]

Skill      XL: |  1  2  3  4  5  6  7  8  9 10 |
---------------+-------------------------------+-----
Stealth        | 13 14 15 17 18 20 23 24 | 24.7
Fighting       | 4 5 6 7 8 11 | 11.8
Dodging        | 6 7 8 9 11 15 | 15.1
Unarmed Combat | 4 5 6 7 8 11 | 11.9

Action                     |  1- 3 |  4- 6 |  7- 9 | 10-12 || total
---------------------------+-------+-------+-------+-------++-------
  Melee: Unarmed           |     5 |    13 |    64 |    62 ||   144
         Punch             |     1 |     1 |     6 |     4 ||    12
         Bite              |       |     2 |     7 |    14 ||    23
 Invoke: Berserk           |       |     1 |     5 |     3 ||     9
         Trog's Hand       |       |       |     5 |     3 ||     8
         Brothers in Arms  |       |       |     3 |       ||     3
    Use: Potion            |     1 |       |       |     1 ||     2
   Stab: Sleeping          |       |       |     2 |     2 ||     4
         Confused          |       |       |       |     1 ||     1
 Armour: Skin              |       |       |     1 |     2 ||     3
  Dodge: Dodged            |       |     8 |    93 |    76 ||   177
